Match 43555195
Unlisted

Match 43555195
End
Scout Squad
Scout Squad
Construct Weapon Support Center
M1919 Machine Gun Team
M1919 Machine Gun Team
Bazooka Squad
Infantry Support Center
Construct Medical Station
Selects Armored Battlegroup
Selects Veteran Crews
M3 Armored Personnel Carrier
M3 Armored Personnel Carrier
Selects M31 Recovery Vehicle
M3 Armored Personnel Carrier
M1919 Machine Gun Team
Engineer Squad
Engineer Squad
ConcernedApe
purepinoy
I am NOOB
茱萸
0
0

Comments sign in to comment!

No comments posted yet!